3AA
VIRGINIA BEACH DEUCES @ YAKIMA HOPS
08/16/2029
 
TOP OF THE 1ST
Virginia Beach Deuces batting - Pitching for Yakima Hops : LHP Octávio Rodríguez
Pitching: LHP Octávio Rodríguez
Batting: RHB Andrew Crosby 0-0: Fly out, F8 (Flyball, 8LD)
Batting: RHB Jody Lemoine 0-0: Called Strike
0-1: Swinging Strike
0-2: Ball
1-2: Ball
2-2: Strikes out looking
Batting: RHB Juan González 0-0: Ball
1-0: Foul Ball, location: 2F
1-1: Foul Ball, location: 2F
1-2: Foul Ball, location: 2F
1-2: SOLO HOME RUN (Flyball, 7LD), Distance : 350 ft
Batting: RHB Cam MacIntosh 0-0: Called Strike
0-1: Ball
1-1: Called Strike
1-2: Foul Ball, location: 2F
1-2: Ground out 3-1 (Groundball, 34S)
Top of the 1st over - 1 run, 1 hit, 0 errors, 0 left on base; Virginia Beach 1 - Yakima 0
BOTTOM OF THE 1ST
Yakima Hops batting - Pitching for Virginia Beach Deuces : RHP Pleun Davidse
Pitching: RHP Pleun Davidse
Batting: SHB José Ángel 0-0: Ground out 6-3 (Groundball, 6)
Batting: RHB Colin O'Connell 0-0: Ball
1-0: Swinging Strike
1-1: Ball
2-1: Ball
3-1: Base on Balls
Batting: SHB José Rico 0-0: Called Strike
0-1: Ball
1-1: Ball
2-1: Fly out, F4 (Popup, 4)
Batting: RHB Jud Regan 0-0: Ball
1-0: Ball
2-0: Ball
3-0: Called Strike
3-1: Base on Balls
Colin O'Connell to second
Batting: RHB Xavier Gama 0-0: Foul Ball, location: 2F
0-1: Swinging Strike
0-2: Ball
1-2: Strikes out swinging
Bottom of the 1st over - 0 runs, 0 hits, 0 errors, 2 left on base; Virginia Beach 1 - Yakima 0
TOP OF THE 2ND
Virginia Beach Deuces batting - Pitching for Yakima Hops : LHP Octávio Rodríguez
Batting: RHB James Hill 0-0: Ball
1-0: Called Strike
1-1: Ball
2-1: Ball
3-1: SINGLE (Line Drive, 56D)
Batting: LHB Ramón Castro 0-0: Foul Ball, location: 2F
0-1: Fly out, F9 (Flyball, 9LS)
Batting: RHB Tevin McTevin 0-0: Called Strike
0-1: Called Strike
0-2: Fly out, F9 (Flyball, 89S)
Batting: RHB Richard Sonntag 0-0: Ball
1-0: Ball
2-0: Called Strike
2-1: Ball
3-1: Fly out, F7 (Flyball, 7S)
Top of the 2nd over - 0 runs, 1 hit, 0 errors, 1 left on base; Virginia Beach 1 - Yakima 0
BOTTOM OF THE 2ND
Yakima Hops batting - Pitching for Virginia Beach Deuces : RHP Pleun Davidse
Batting: LHB Bob Maher 0-0: SOLO HOME RUN (Flyball, 9LD), Distance : 349 ft
Batting: RHB Carl Herbert 0-0: Swinging Strike
0-1: Ball
1-1: Swinging Strike
1-2: Ball
2-2: Foul Ball, location: 2F
2-2: Ball
3-2: Base on Balls
Batting: RHB Mark Finney 0-0: Called Strike
0-1: Ball
1-1: 2-RUN HOME RUN (Flyball, 7LD), Distance : 373 ft
Batting: RHB Luis Rodríguez 0-0: Called Strike
0-1: Ball
1-1: SINGLE (Groundball, 6S) (infield hit)
Batting: SHB José Ángel 0-0: Called Strike
0-1: Ball
1-1: Called Strike
1-2: Ball
2-2: Foul Ball, location: 2F
2-2: SINGLE (Popup, 3D)
Luis Rodríguez to second
Runner from 2nd tries for 3rd, SAFE, no throw
Batting: RHB Colin O'Connell 0-0: Ball
1-0: Grounds into double play, 3-6-3 (Groundball, 34)
Luis Rodríguez scores
Batting: SHB José Rico 0-0: Ball
1-0: Ball
2-0: Foul Ball, location: 2F
2-1: Ball
3-1: SINGLE (Groundball, 6D)
Batting: RHB Jud Regan 0-0: Swinging Strike
0-1: Ball
1-1: Ball
2-1: Swinging Strike
2-2: Foul Ball, location: 2F
2-2: Ground out 4-3 (Groundball, 4)
Bottom of the 2nd over - 4 runs, 5 hits, 0 errors, 1 left on base; Virginia Beach 1 - Yakima 4
TOP OF THE 3RD
Virginia Beach Deuces batting - Pitching for Yakima Hops : LHP Octávio Rodríguez
Batting: SHB Leo Szilard 0-0: SINGLE (Line Drive, 89M)
Batting: RHB Andrew Crosby 0-0: Called Strike
0-1: Called Strike
0-2: Ball
1-2: SINGLE (Flyball, 7S)
Leo Szilard to second
Batting: RHB Jody Lemoine 0-0: Swinging Strike
0-1: Ball
1-1: Swinging Strike
1-2: Strikes out swinging
Batting: RHB Juan González 0-0: Fly out, F8 (Flyball, 8RS)
Batting: RHB Cam MacIntosh 0-0: DOUBLE (Flyball, 8RXD)
Leo Szilard scores
Andrew Crosby to third
Batting: RHB James Hill 0-0: Foul Ball, location: 2F
0-1: Ball
1-1: Ground out 1-3 (Groundball, 13)
Top of the 3rd over - 1 run, 3 hits, 0 errors, 2 left on base; Virginia Beach 2 - Yakima 4
BOTTOM OF THE 3RD
Yakima Hops batting - Pitching for Virginia Beach Deuces : RHP Pleun Davidse
Batting: RHB Xavier Gama 0-0: Ball
1-0: Called Strike
1-1: Ball
2-1: Called Strike
2-2: Foul Ball, location: 2F
2-2: Strikes out swinging
Batting: LHB Bob Maher 0-0: Called Strike
0-1: Ball
1-1: Foul Ball, location: 2F
1-2: Foul Ball, location: 2F
1-2: Fly out, F9 (Flyball, 9S)
Batting: RHB Carl Herbert 0-0: Ball
1-0: Swinging Strike
1-1: Fly out, F8 (Flyball, 8LD)
Bottom of the 3rd over - 0 runs, 0 hits, 0 errors, 0 left on base; Virginia Beach 2 - Yakima 4
TOP OF THE 4TH
Virginia Beach Deuces batting - Pitching for Yakima Hops : LHP Octávio Rodríguez
Batting: LHB Ramón Castro 0-0: Ball
1-0: Ball
2-0: Called Strike
2-1: Foul Ball, location: 2F
2-2: Ground out 1-3 (Groundball, P)
Batting: RHB Tevin McTevin 0-0: Ball
1-0: Ball
2-0: Ball
3-0: Called Strike
3-1: Base on Balls
Batting: RHB Richard Sonntag 0-0: Called Strike
0-1: Ball
1-1: Ball
2-1: Called Strike
2-2: Ball
Pickoff Throw by Catcher to First - Out!
3-2: Base on Balls
Batting: SHB Leo Szilard 0-0: Called Strike
0-1: Ground out 4-3 (Groundball, 4M)
Top of the 4th over - 0 runs, 0 hits, 0 errors, 1 left on base; Virginia Beach 2 - Yakima 4
BOTTOM OF THE 4TH
Yakima Hops batting - Pitching for Virginia Beach Deuces : RHP Pleun Davidse
Batting: RHB Mark Finney 0-0: Ball
1-0: Swinging Strike
1-1: Ball
2-1: Fly out, F3 (Popup, 34)
Batting: RHB Luis Rodríguez 0-0: TRIPLE (Flyball, 89XD)
Batting: SHB José Ángel 0-0: Called Strike
0-1: Foul Ball, location: 2F
0-2: Strikes out swinging
Batting: RHB Colin O'Connell 0-0: Called Strike
0-1: Ball
1-1: Foul Ball, location: 2F
1-2: Fly out, F9 (Flyball, 9)
Bottom of the 4th over - 0 runs, 1 hit, 0 errors, 1 left on base; Virginia Beach 2 - Yakima 4
TOP OF THE 5TH
Virginia Beach Deuces batting - Pitching for Yakima Hops : LHP Octávio Rodríguez
Batting: RHB Andrew Crosby 0-0: Ball
1-0: Ball
2-0: Ball
3-0: Called Strike
3-1: Base on Balls
Batting: RHB Jody Lemoine 0-0: Ball
1-0: Sac Bunt - play at first, batter OUT! 5-3
Andrew Crosby to second
Batting: RHB Juan González 0-0: Ball
1-0: Ball
Andrew Crosby steals 3rd base
2-0: Foul Ball, location: 2F
2-1: Called Strike
2-2: Strikes out swinging
Batting: RHB Cam MacIntosh 0-0: Ball
1-0: Called Strike
1-1: Swinging Strike
1-2: Foul Ball, location: 2F
1-2: Ball
2-2: Ground out 6-3 (Groundball, 56)
Top of the 5th over - 0 runs, 0 hits, 0 errors, 1 left on base; Virginia Beach 2 - Yakima 4
BOTTOM OF THE 5TH
Yakima Hops batting - Pitching for Virginia Beach Deuces : RHP Pleun Davidse
Batting: SHB José Rico 0-0: Called Strike
0-1: Called Strike
0-2: Ball
1-2: Foul Ball, location: 2F
1-2: Ball
2-2: Ball
3-2: Ground out 5-3 (Groundball, 5)
Batting: RHB Jud Regan 0-0: Ball
1-0: Called Strike
1-1: Ball
2-1: Fly out, F4 (Line Drive, 4)
Batting: RHB Xavier Gama 0-0: Ball
1-0: Called Strike
1-1: Ball
2-1: Foul Ball, location: 2F
2-2: Ball
3-2: Ground out 6-3 (Groundball, 6)
Bottom of the 5th over - 0 runs, 0 hits, 0 errors, 0 left on base; Virginia Beach 2 - Yakima 4
TOP OF THE 6TH
Virginia Beach Deuces batting - Pitching for Yakima Hops : LHP Octávio Rodríguez
Batting: RHB James Hill 0-0: Ball
1-0: Called Strike
1-1: Swinging Strike
1-2: Foul Ball, location: 2F
1-2: Foul Ball, location: 2F
1-2: Strikes out swinging
Batting: LHB Ramón Castro 0-0: SINGLE (Groundball, 56D)
Batting: RHB Tevin McTevin 0-0: Ball
1-0: Ball
2-0: Ball
3-0: Called Strike
3-1: Foul Ball, location: 2F
3-2: Base on Balls
Ramón Castro to second
Pitching: RHP Wyatt Meek
Batting: RHB Richard Sonntag 0-0: Called Strike
0-1: Ball
1-1: Foul Ball, location: 2F
1-2: Foul Ball, location: 2F
1-2: Foul Ball, location: 2F
1-2: Strikes out swinging
Batting: SHB Leo Szilard 0-0: Foul Ball, location: 2F
0-1: Foul Ball, location: 2F
0-2: Ball
1-2: Ball
2-2: Foul Ball, location: 2F
2-2: Fly out, F8 (Flyball, 8LXD)
Top of the 6th over - 0 runs, 1 hit, 0 errors, 2 left on base; Virginia Beach 2 - Yakima 4
BOTTOM OF THE 6TH
Yakima Hops batting - Pitching for Virginia Beach Deuces : RHP Pleun Davidse
Batting: LHB Bob Maher 0-0: Called Strike
0-1: Ball
1-1: Ball
2-1: Ball
3-1: Foul Ball, location: 2F
3-2: Foul Ball, location: 2F
3-2: Strikes out looking
Batting: RHB Carl Herbert 0-0: Ball
1-0: SOLO HOME RUN (Flyball, 78XD), Distance : 428 ft
Batting: RHB Mark Finney 0-0: Swinging Strike
0-1: Ball
1-1: Ball
2-1: Ground out 1-3 (Groundball, P)
Batting: RHB Luis Rodríguez 0-0: Foul Ball, location: 2F
0-1: SINGLE (Groundball, 6D)
Pitching: RHP Cisco Ortíz
Batting: SHB José Ángel 0-0: Swinging Strike
0-1: Ball
1-1: Ball
2-1: Ball
3-1: Swinging Strike
3-2: Foul Ball, location: 2F
3-2: Strikes out looking
Bottom of the 6th over - 1 run, 2 hits, 0 errors, 1 left on base; Virginia Beach 2 - Yakima 5
TOP OF THE 7TH
Virginia Beach Deuces batting - Pitching for Yakima Hops : RHP Wyatt Meek
Batting: RHB Andrew Crosby 0-0: Swinging Strike
0-1: Called Strike
0-2: Foul Ball, location: 2F
0-2: Strikes out swinging
Batting: RHB Jody Lemoine 0-0: Called Strike
0-1: Foul Ball, location: 2F
0-2: Foul Ball, location: 2F
0-2: Foul Ball, location: 2F
0-2: Foul Ball, location: 2F
0-2: Fly out, F8 (Flyball, 8RD)
Batting: RHB Juan González 0-0: Ball
1-0: Foul Ball, location: 2F
1-1: Ball
2-1: Called Strike
2-2: Foul Ball, location: 2F
2-2: Foul Ball, location: 2F
2-2: Ball
3-2: SINGLE (Groundball, 56D)
Batting: RHB Cam MacIntosh 0-0: Ball
1-0: Ball
2-0: Foul Ball, location: 2F
2-1: SINGLE (Line Drive, 78S)
Juan González to second
Batting: RHB James Hill 0-0: Foul Ball, location: 2F
0-1: Foul Ball, location: 2F
0-2: Ball
1-2: Strikes out looking
Top of the 7th over - 0 runs, 2 hits, 0 errors, 2 left on base; Virginia Beach 2 - Yakima 5
BOTTOM OF THE 7TH
Yakima Hops batting - Pitching for Virginia Beach Deuces : RHP Cisco Ortíz
Batting: RHB Colin O'Connell 0-0: Ground out 3-1 (Groundball, 34)
Batting: SHB José Rico 0-0: Swinging Strike
0-1: Called Strike
0-2: Ball
1-2: Ground out 4-3 (Groundball, 4)
Batting: RHB Jud Regan 0-0: Called Strike
0-1: Ball
1-1: Foul Ball, location: 2F
1-2: Ball
2-2: DOUBLE (Groundball, 5L)
Batting: RHB Xavier Gama 0-0: Called Strike
0-1: Ball
1-1: Ball
2-1: 2-RUN HOME RUN (Flyball, 7D), Distance : 388 ft
Batting: LHB Bob Maher 0-0: Swinging Strike
0-1: Ground out 3-1 (Groundball, 34S)
Bottom of the 7th over - 2 runs, 2 hits, 0 errors, 0 left on base; Virginia Beach 2 - Yakima 7
TOP OF THE 8TH
Virginia Beach Deuces batting - Pitching for Yakima Hops : RHP Wyatt Meek
Batting: LHB Ramón Castro 0-0: Ball
1-0: Ground out 6-3 (Groundball, 6)
Batting: RHB Tevin McTevin 0-0: Called Strike
0-1: Foul Ball, location: 2F
0-2: Ball
1-2: Strikes out swinging
Batting: RHB Richard Sonntag 0-0: Ball
1-0: Ball
2-0: Ball
3-0: Base on Balls
Batting: SHB Leo Szilard 0-0: Ball
1-0: Fly out, F8 (Flyball, 8LS)
Top of the 8th over - 0 runs, 0 hits, 0 errors, 1 left on base; Virginia Beach 2 - Yakima 7
BOTTOM OF THE 8TH
Yakima Hops batting - Pitching for Virginia Beach Deuces : RHP Cisco Ortíz
Batting: RHB Carl Herbert 0-0: Swinging Strike
0-1: Swinging Strike
0-2: Ball
1-2: Strikes out looking
Batting: RHB Mark Finney 0-0: Swinging Strike
0-1: Called Strike
0-2: Ball
1-2: SINGLE (Line Drive, 56)
Batting: RHB Luis Rodríguez 0-0: Called Strike
0-1: Foul Ball, location: 2F
0-2: Ball
Mark Finney steals 2nd base
1-2: SINGLE (Groundball, 34D)
Mark Finney to third
Runner from 3rd tries for Home, SAFE, no throw
Batting: SHB José Ángel 0-0: Called Strike
0-1: 2-RUN HOME RUN (Flyball, 9D), Distance : 356 ft
Batting: RHB Colin O'Connell 0-0: SOLO HOME RUN (Flyball, 9LD), Distance : 338 ft
Batting: SHB José Rico 0-0: Ball
1-0: Ball
2-0: Ball
3-0: Base on Balls
Batting: RHB Jud Regan 0-0: Swinging Strike
0-1: Grounds into double play, 4-6-3 (Groundball, 4)
Bottom of the 8th over - 4 runs, 4 hits, 0 errors, 0 left on base; Virginia Beach 2 - Yakima 11
TOP OF THE 9TH
Virginia Beach Deuces batting - Pitching for Yakima Hops : RHP Wyatt Meek
Now at SS: Mario Salazar
Batting: RHB Andrew Crosby 0-0: Ball
1-0: Ball
2-0: Called Strike
2-1: Ball
3-1: Base on Balls
Batting: RHB Jody Lemoine 0-0: SINGLE (Flyball, 8RS)
Andrew Crosby to second
Pitching: LHP Augusto Vélez
Batting: RHB Juan González 0-0: Called Strike
0-1: Ball
1-1: Called Strike
1-2: 3-RUN HOME RUN (Flyball, 7D), Distance : 382 ft
Batting: RHB Cam MacIntosh 0-0: Ball
1-0: Ball
2-0: SINGLE (Line Drive, 89S)
Batting: RHB James Hill 0-0: Fly out, F7 (Line Drive, 7LM)
Batting: LHB Ramón Castro 0-0: Fielders Choice at 2nd, 6-4 (Groundball, 6)
Batting: RHB Tevin McTevin 0-0: Foul Ball, location: 2F
0-1: Ball
1-1: Ball
2-1: Foul Ball, location: 2F
2-2: Ball
3-2: Strikes out looking
Top of the 9th over - 3 runs, 3 hits, 0 errors, 1 left on base; Virginia Beach 5 - Yakima 11
Tuesday, December 19th, 2017 - OOTP Baseball 18.8 Build 76